 Seeded DCSS version 0.28-a0-1555-g9ae15a6949 (webtiles) character file.

Game seed: 20 (custom seed)

7719 knot the Spear-Bearer (level 11, 42/75 HPs)
             Began as a Demonspawn Berserker on Jan 19, 2022.
             Was a High Priest of Trog.
             Quit the game on level 9 of the Dungeon.
             The game lasted 00:10:52 (7367 turns).

knot the Spear-Bearer (Demonspawn Berserker)        Turns: 7367, Time: 00:10:53

Health: 42/75      AC: 14    Str: 17    XL:     11   Next: 0%
Magic:  10/11      EV: 12    Int: 13    God:    Trog [*****.]
Gold:   567        SH:  4    Dex: 19    Spells: 10/10 levels left

rFire   . . .      SeeInvis +   j - +8 glaive of the Guard {elec, spectral, AC+5}
rCold   . . .      Faith    .   (shield currently unavailable)
rNeg    . . .      Spirit   +   t - +0 steam dragon scales
rPois   .          Reflect  .   (helmet restricted)
rElec   .          Harm     .   (no cloak)
rCorr   +          Rampage  .   F - +2 pair of gloves
Will    .....                   k - +0 pair of boots
Stlth   ++........              (no amulet)
HPRegen 0.22/turn               D - ring of resist corrosion
MPRegen 0.24/turn               g - +6 ring of dexterity

@: no status effects
A: antennae 2, magic shield, magic regeneration, magic link, demonic magic 1,
hooves 1, large bone plates 1, see invisible, deterioration 1
a: Renounce Religion, Berserk, Trog's Hand, Brothers in Arms


You were on level 9 of the Dungeon.
You worshipped Trog.
Trog was extremely pleased with you.
You visited 2 branches of the dungeon, and saw 10 of its levels.
You also visited: Sewer.

You collected 567 gold pieces.

Inventory:

Hand Weapons
 a - a +0 hand axe
 j - the +8 glaive of the Guard (weapon) {elec, spectral, AC+5}
   (You found it on level 2 of the Dungeon)

   It occasionally discharges a powerful burst of electricity upon striking a
   foe.
   When it strikes, its spirit leaps out and fights alongside the wielder.
   AC:        It affects your AC (+5).
 l - a +2 broad axe of draining
 n - a +1 vorpal war axe
Missiles
 c - 3 boomerangs
 e - 226 stones
 q - 63 poisoned darts (quivered)
 u - a curare-tipped dart
 x - 59 sling bullets
Armour
 k - a +0 pair of boots (worn)
 t - +0 steam dragon scales (worn)
 E - a +1 plate armour of cold resistance
 F - a +2 pair of gloves (worn)
Jewellery
 g - a +6 ring of dexterity (right hand)
 D - a ring of resist corrosion (left hand)
Wands
 m - a wand of flame (23)
 w - a wand of iceblast (9)
 z - a wand of acid (9)
 A - a wand of paralysis (3)
 G - a wand of charming (11)
Scrolls
 h - a scroll of enchant armour
 i - 2 scrolls of fog
 o - 2 scrolls of identify
 p - 2 scrolls of immolation
 r - 5 scrolls of teleportation
 y - 3 scrolls of fear
 B - 2 scrolls of torment
Potions
 b - 2 potions of brilliance
 d - 5 potions of heal wounds
 f - a potion of flight
 s - a potion of resistance
 v - a potion of degeneration
 C - 3 potions of curing
 H - a potion of berserk rage {unknown}


   Skills:
 - Level 3.0 Fighting
 * Level 10.2(12.3) Axes
 - Level 11.1(12.8) Polearms
 * Level 7.3 Throwing
 - Level 1.7 Armour
 - Level 1.7 Dodging


You had 10 spell levels left.
You didn't know any spells.
Your spell library contained the following spells:

 Spells                   Type           Power      Damage    Failure   Level
 Blink                    Tloc           0%         N/A       43%         2
 Static Discharge         Conj/Air       0%         N/A       43%         2
 Sublimation of Blood     Necr           0%         N/A       43%         2
 Wereblood                Tmut           0%         N/A       43%         2
 Ignite Poison            Fire/Tmut/Pois 0%         N/A       67%         3
 Lesser Beckoning         Tloc           0%         N/A       67%         3
 Mephitic Cloud           Conj/Pois/Air  0%         N/A       67%         3
 Animate Armour           Summ/Erth      0%         N/A       97%         4
 Dispel Undead            Necr           0%         3d6       97%         4
 Sticky Flame             Conj/Fire      0%         2d3       97%         4
 Blade Hands              Tmut           0%         N/A       100%        5
 Freezing Cloud           Conj/Ice/Air   0%         6-21      100%        5
 Manifold Assault         Tloc           0%         N/A       100%        5
 Conjure Ball Lightning   Conj/Air       0%         3x3d6     100%        6
 Iron Shot                Conj/Erth      0%         9d1       100%        6
 Summon Hydra             Summ           0%         N/A       100%        7
 Discord                  Hex            0%         N/A       100%        8
 Disjunction              Tloc           0%         N/A       100%        8


Dungeon Overview and Level Annotations

Branches:
Dungeon (9/15)             Temple (1/1) D:5           Sewer (visited)
   Lair: D:8-11         Orc: D:9-12

Altars:
Ashenzari
Cheibriados
Elyvilon
Fedhas
Gozag
Hepliaklqana
Kikubaaqudgha
Makhleb
Nemelex Xobeh
Okawaru
Qazlal
Ru
Sif Muna
Trog
Wu Jian
Xom
Yredelemnul
The Shining One
Beogh

Shops:
D:6 *


Innate Abilities, Weirdness & Mutations

You have a pair of antennae on your head.
When hurt, damage is shared between your health and your magic reserves.
You regenerate magic rapidly.
When low on magic, you restore magic in place of health.
Spells you cast may paralyse adjacent enemies.
You have large cloven feet.
You are partially covered in large bone plates. (SH +4)
You have supernaturally acute eyesight. (SInv)
Your body sometimes deteriorates upon taking damage.


Message History

Your +8 glaive of the Guard {elec, spectral, AC+5} hits the killer bee!
Lightning courses through the killer bee!
You kill the killer bee!
Trog accepts your kill.
The killer bee closely misses your +8 glaive of the Guard {elec, spectral, AC+5}.
The killer bee barely misses your +8 glaive of the Guard {elec, spectral, AC+5}.
The orc barely misses your +8 glaive of the Guard {elec, spectral, AC+5}.
You hit the orc warrior.
The orc warrior is lightly wounded.
Your +8 glaive of the Guard {elec, spectral, AC+5} hits the orc warrior!!
The killer bee barely misses your +8 glaive of the Guard {elec, spectral, AC+5}.
The orc hits your +8 glaive of the Guard {elec, spectral, AC+5} but does no damage.
The killer bee misses your +8 glaive of the Guard {elec, spectral, AC+5}.
The orc warrior closely misses you. The orc misses you.
You closely miss the orc warrior.
The orc warrior is severely wounded.
Your +8 glaive of the Guard {elec, spectral, AC+5} hits the orc warrior!
The orc closely misses your +8 glaive of the Guard {elec, spectral, AC+5}.
The killer bee stings you but does no damage.
The orc warrior hits your +8 glaive of the Guard {elec, spectral, AC+5} with a +0 mace.
Your spectral weapon shares its damage with you!
The orc closely misses you.
You catch the helpless orc warrior completely off-guard!
You slice the orc warrior!!
You kill the orc warrior!
Trog accepts your kill.
The killer bee stings you but does no damage.
The killer bee barely misses you. The orc completely misses you.
The orc hits you with a +0 dagger. The killer bee misses you.
You slice the killer bee!!
You kill the killer bee!
Trog accepts your kill.
You have reached level 11!
Your demonic ancestry asserts itself...
A menacing aura infuses your magic.
You slash the orc! Lightning courses through the orc!
You kill the orc!
Trog accepts your kill.
Are you sure you want to abandon this character and quit the game? (Confirm with "yes".)

..... .⌠.._ ......
#### o{... #..
#8o8### #.#
{{o.....
#####.####)..##
#....)))@oo...#
####....)####y.#.#
#........####..#
#.#..............
#.
#.#.......########
##.## #.#.......#
..... #........##
#.#.##
#####.†.#########
#....## ##.##
#.....# ##.....##


You could see 2 orc warriors, a killer bee and 2 orcs.

Vanquished Creatures
  Erolcha (D:9)
  A two-headed ogre (D:6)
  Maggie (D:7)
  Grinder (D:4)
  Prince Ribbit (D:6)
  9 yaks
  5 water moccasins
  5 orc warriors
  A black bear (D:5)
  2 necrophages
  2 ice beasts
  4 centaurs
  2 phantoms
  5 kobold brigands
  Blork the orc (D:6)
  2 scorpions
  3 bullfrogs
  A water moccasin skeleton (D:6)
  2 killer bees (D:9)
  4 howler monkeys
  2 electric eels (D:6)
  A centaur zombie (D:7)
  3 jellies
  7 orc priests
  A bullfrog zombie (D:6)
  2 bullfrog skeletons
  A centaur skeleton (D:4)
  A gnoll shaman (D:5)
  A hound (D:4)
  Jessica (D:3)
  Ijyb (D:3)
  2 orc wizards (D:8)
  Natasha (D:3)
  4 iguanas
  A killer bee zombie (D:7)
  A hound skeleton (D:4)
  A howler monkey zombie (D:8)
  9 gnolls
  9 adders
  2 white imps
  An ufetubus (D:4)
  2 worms
  8 dart slugs
  26 orcs
  13 endoplasms
  6 giant cockroaches
  9 goblins
  9 hobgoblins
  26 kobolds
  6 quokkas
  13 ball pythons
  9 bats
  4 frilled lizards
  13 rats
  A bush (D:5)
250 creatures vanquished.

Vanquished Creatures (others)
  2 plants
2 creatures vanquished.

Grand Total: 252 creatures vanquished

Notes
Turn   | Place    | Note
-------+----------+-------------------------------------------
     0 | D:1      | knot the Demonspawn Berserker began the quest for the Orb.
     0 | D:1      | Reached XP level 1. HP: 18/18 MP: 1/1
   157 | D:1      | Gained mutation: You regenerate magic rapidly. [demonic
                  | ancestry]
   157 | D:1      | Reached XP level 2. HP: 24/24 MP: 2/2
   775 | D:1      | Gained mutation: When hurt, damage is shared between your
                  | health and your magic reserves. [demonic ancestry]
   775 | D:1      | Reached XP level 3. HP: 27/29 MP: 3/3
  1074 | D:2      | Found the +8 glaive of the Guard {elec, spectral, AC+5}
  1131 | D:2      | Found a snail-covered altar of Cheibriados.
  1321 | D:2      | Reached ** piety under Trog
  1322 | D:2      | Gained mutation: You have a pair of small antennae on your
                  | head. [demonic ancestry]
  1322 | D:2      | Reached XP level 4. HP: 35/35 MP: 4/4
  1786 | D:3      | Found a bloodstained altar of Trog.
  1853 | D:3      | Found a glowing drain.
  1870 | Sewer    | Entered a sewer
  1888 | Sewer    | Noticed a kobold brigand
  1888 | Sewer    | Noticed a kobold brigand
  1892 | Sewer    | Killed a kobold brigand
  1893 | Sewer    | Reached skill level 5 in Axes
  1893 | Sewer    | Reached XP level 5. HP: 32/41 MP: 3/5
  2083 | Sewer    | Gained mutation: When low on magic, you restore magic in
                  | place of health. [demonic ancestry]
  2083 | Sewer    | Reached XP level 6. HP: 47/47 MP: 6/6
  2580 | D:3      | Noticed Jessica
  2583 | D:3      | Killed Jessica
  2592 | D:3      | Noticed Ijyb
  2599 | D:3      | Killed Ijyb
  2599 | D:3      | Noticed Natasha
  2603 | D:3      | Killed Natasha
  2604 | D:3      | Reached skill level 1 in Throwing
  2783 | D:3      | Reached *** piety under Trog
  3230 | D:4      | Gained mutation: You have large cloven feet. [potion of
                  | mutation]
  3230 | D:4      | Gained mutation: Your body sometimes deteriorates upon
                  | taking damage. [potion of mutation]
  3230 | D:4      | Gained mutation: You have supernaturally acute eyesight.
                  | (SInv) [potion of mutation]
  3230 | D:4      | Gained mutation: You are partially covered in large bone
                  | plates. (SH +4) [potion of mutation]
  3231 | D:4      | Reached skill level 11 in Polearms
  3231 | D:4      | Gained mutation: You have a pair of antennae on your head.
                  | [demonic ancestry]
  3231 | D:4      | Reached XP level 7. HP: 52/52 MP: 7/7
  3341 | D:4      | Noticed Grinder
  3346 | D:4      | Killed Grinder
  3347 | D:4      | Reached XP level 8. HP: 52/58 MP: 6/8
  3804 | D:4      | Reached **** piety under Trog
  3903 | D:4      | Found a sparkling altar of Nemelex Xobeh.
  3903 | D:4      | Found a transporter.
  3903 | D:4      | Noticed a two-headed ogre
  4018 | D:5      | Entered Level 5 of the Dungeon
  4080 | D:5      | Found a staircase to the Ecumenical Temple.
  4166 | D:5      | Found a stormy altar of Qazlal.
  4461 | D:5      | Reached XP level 9. HP: 63/63 MP: 9/9
  4514 | Temple   | Entered the Ecumenical Temple
  4590 | D:6      | Noticed Prince Ribbit
  4593 | D:6      | Killed Prince Ribbit
  5105 | D:6      | Found Veduirik's Gadget Gallery.
  5143 | D:6      | Noticed a two-headed ogre
  5147 | D:6      | Killed a two-headed ogre
  5159 | D:6      | Noticed Blork the orc
  5166 | D:6      | Killed Blork the orc
  5167 | D:6      | Reached skill level 5 in Throwing
  5602 | D:7      | Found a broken altar of Ashenzari.
  5623 | D:7      | Reached ***** piety under Trog
  5686 | D:7      | Found a shimmering altar of Xom.
  5687 | D:7      | Found a shimmering altar of Xom.
  5688 | D:7      | Found a shimmering altar of Xom.
  5691 | D:7      | Reached XP level 10. HP: 70/70 MP: 10/10
  5699 | D:7      | Found a shimmering altar of Xom.
  5699 | D:7      | Found a shimmering altar of Xom.
  5699 | D:7      | Found a shimmering altar of Xom.
  5824 | D:7      | Found a shimmering altar of Xom.
  5826 | D:7      | Noticed a black mamba
  5826 | D:7      | a water moccasin changed into a black mamba
  5838 | D:7      | a black mamba changed into a hog
  5879 | D:7      | Noticed Maggie
  5884 | D:7      | Killed Maggie
  6305 | D:7      | Noticed a glowing orange brain
  7233 | D:9      | Noticed Erolcha
  7236 | D:9      | Killed Erolcha
  7294 | D:9      | Reached skill level 10 in Axes
  7337 | D:9      | Received a gift from Trog
  7366 | D:9      | Gained mutation: Spells you cast may paralyse adjacent
                  | enemies. [demonic ancestry]
  7366 | D:9      | Reached XP level 11. HP: 42/75 MP: 9/11
  7367 | D:9      | Quit the game

Illustrated notes

Levels and vault maps discovered:
D:1:      psy_arrival_fountain, layout_loops_ring
D:2:      layout_basic, basic_altar, kennysheep_generic_room_10
D:3:      layout_basic, lightli_temple_of_fire, portal_sewer_entry_b,
          uniq_jessica, uniq_ijyb, uniq_natasha
D:4:      minmay_bubble_buster, layout_basic, grunt_nemelex_the_gamble,
          uniq_grinder
D:5:      layout_rooms, nicolae_qazlal_general_emergency,
          minmay_temple_entry_trees, serial_bayou_crossing
D:6:      kennysheep_slugbush, layout_rooms, nicolae_shop_gadgets,
          uniq_prince_ribbit1, uniq_blork_the_orc
D:7:      layout_cave_pods, xom_shifter_show, lemuel_doored_altar, uniq_maggie
D:8:      layout_basic
D:9:      layout_loops_cross, minitemple, david_orc_5, due_unseen_surprise,
          uniq_erolcha
Temple:   nicolae_temple_god_jail

Skill      XL: |  1  2  3  4  5  6  7  8  9 10 |
---------------+-------------------------------+-----
Axes           | 3 4 5 6 7 8 10 | 10.2
Throwing       | 1 3 5 7 |  7.3
Polearms       | 11 | 11.1
Fighting       | |  3.0
Armour         | |  1.7
Dodging        | |  1.7

Action                   |  1- 3 |  4- 6 |  7- 9 | 10-12 || total
-------------------------+-------+-------+-------+-------++-------
Melee: Hand axe          |    63 |       |       |       ||    63
       Glaive            |    14 |    71 |   113 |    89 ||   287
Invok: Berserk           |     1 |       |       |       ||     1
  Use: Potion            |       |     5 |     4 |       ||     9
       Scroll            |       |       |     8 |     3 ||    11
 Stab: Distracted        |       |       |       |     2 ||     2
       Sleeping          |       |       |       |     1 ||     1
Armor: Animal skin       |     3 |       |       |       ||     3
       Ring mail         |    20 |    21 |    18 |       ||    59
       Steam dragon scal |       |       |       |    13 ||    13
Dodge: Dodged            |    42 |    26 |    31 |    24 ||   123
Block: Other             |       |       |     7 |    11 ||    18

Table legend: (Time is in decaauts)
 A = Elapsed time spent in this place.
 B = Non-inter-level travel time spent in this place.
 C = Inter-level travel time spent in this place.
 D = Time resting spent in this place.
 E = Time spent auto-exploring this place.
 F = Levels seen in this place.
 G = Mean time per level.
                   A        B        C        D        E       F      G
               +--------+--------+--------+--------+--------+-----+--------+
         Total |   7465 |   7154 |    311 |    802 |   5124 |  11 |  678.6 |
       Dungeon |   6734 |   6437 |    297 |    550 |   4783 |   9 |  748.2 |
        Temple |     53 |     39 |     14 |      0 |     29 |   1 |   53.0 |
         Sewer |    678 |    678 |      0 |    252 |    312 |   1 |  678.0 |
               +--------+--------+--------+--------+--------+-----+--------+

Top non-repeatable levels by time:
     D:1: 1091 daAuts
     D:7: 936 daAuts
     D:3: 890 daAuts
     D:4: 796 daAuts
     D:8: 766 daAuts
     D:5: 746 daAuts
   Sewer: 678 daAuts
     D:2: 658 daAuts
     D:6: 641 daAuts
     D:9: 207 daAuts
  Temple: 53 daAuts
